 Dungeon Crawl Stone Soup version 0.19-a0-739-gf2af308 (webtiles) character file.

254 Ordine the Changer (level 6, 0/38 HPs)
             Began as an Octopode Transmuter on June 23, 2016.
             Slain by a river rat (10 damage)
             ... in a sewer.
             The game lasted 00:06:28 (2625 turns).

Ordine the Changer (Octopode Transmuter)            Turns: 2625, Time: 00:06:28

Health: 0/38       AC:  2    Str:  9    XL:     6   Next: 14%
Magic:  5/9        EV: 20    Int: 18    God:
Gold:   163        SH:  0    Dex: 22    Spells: 2 memorised, 2 levels left

rFire  . . .     SeeInvis .       - Unarmed
rCold  . . .     Gourm    .     (shield currently unavailable)
rNeg   . . .     Faith    .     (helmet currently unavailable)
rPois  x         Spirit   .     (no amulet)
rElec  .         Dismiss  .     d - +5 ring of dexterity
rCorr  .         Reflect  .     (no ring)
SustAt .         Harm     .     (no ring)
MR     .....                    (no ring)
Stlth  ++++......               (no ring)
                                (no ring)
                                (no ring)
                                (no ring)

@: spider-form, not resistant to hostile enchantments, stealthy
A: almost no armour, (amphibious), 8 rings, (constrict 8), (camouflage 0),
(gelatinous body 0)
a: End Transformation


You were in a sewer.
You were not hungry.
You were a venomous arachnid creature.
You visited 1 branch of the dungeon, and saw 3 of its levels.
You also visited: Sewer.

You collected 163 gold pieces.

Inventory:

Jewellery
 d - a +5 ring of dexterity (left front leg)
 k - a cursed ring of resist corrosion {unknown}
 n - an uncursed amulet of rage {unknown}
Scrolls
 i - 2 scrolls of amnesia
 o - a scroll of identify
Potions
 a - 3 potions of flight
 e - 3 potions of heal wounds {unknown}
 f - a potion of lignification {unknown}
 h - a potion of experience {unknown}
 j - 4 potions of curing {unknown}
 l - a potion of resistance {unknown}
 p - a potion of might
Books
 b - a book of Changes

   Spells                             Type                      Level
   a - Beastly Appendage              Transmutation                1
   b - Sticks to Snakes               Transmutation                2
   c - Spider Form                    Transmutation/Poison         3
   d - Ice Form                       Ice/Transmutation            4
   e - Blade Hands                    Transmutation                5
Comestibles
 c - 2 bread rations
 g - a meat ration
 m - a beef jerky


   Skills:
 - Level 1.0 Fighting
 - Level 2.0 Dodging
 - Level 4.0 Stealth
 - Level 3.0 Unarmed Combat
 - Level 2.0 Spellcasting
 * Level 4.9 Transmutations
 + Level 2.0 Ice Magic


You had 2 spell levels left.
You knew the following spells:

 Your Spells              Type           Power        Failure   Level  Hunger
a - Spider Form           Tmut/Pois      ##........   45%         3    ###....
b - Ice Form              Ice/Tmut       ##......     63%         4    #####..


Dungeon Overview and Level Annotations

Branches:
Dungeon (3/15)

Altars:
Okawaru


Innate Abilities, Weirdness & Mutations

You cannot wear most types of armour.
((You are amphibious.))
You can wear up to eight rings at the same time.
((You can use your tentacles to constrict eight enemies at once.))
((Your skin changes colour to match your surroundings (Stealth+).))
((Your rubbery body absorbs attacks. (AC +1)))


Message History

Casting: Spider Form
Confirm with . or Enter, or press ? or * to list all spells.
You turn into a venomous arachnid creature.
The ball python bites you but does no damage.
The ball python closely misses you. The ball python completely misses you.
The ball python closely misses you.
You are too injured to fight recklessly!
You hit the river rat.
The river rat is poisoned.
The river rat is moderately wounded.
The river rat barely misses you. The ball python barely misses you.
The ball python misses you.
You hit the river rat.
The river rat looks as sick as possible!
The river rat is severely wounded.
The river rat completely misses you. The ball python misses you.
The ball python barely misses you.
You barely miss the river rat.
The river rat is almost dead.
The river rat bites you!
You die...

.....≈≈≈≈≈##≈≈≈≈≈≈≈≈≈≈≈
≈.≈...≈≈rr≈≈≈≈≈≈≈≈≈≈≈≈≈≈
≈≈≈≈≈≈≈≈≈≈≈≈≈≈≈≈≈≈≈≈≈≈≈≈
≈≈≈≈≈≈≈≈≈≈≈≈≈≈≈≈≈≈≈≈≈≈≈≈≈≈≈≈≈
≈≈≈.≈..≈≈.≈≈≈≈≈≈≈≈≈≈≈≈≈≈≈≈≈≈≈≈
≈.≈≈.....≈≈≈≈≈≈≈≈≈≈≈≈≈(≈≈≈≈###
...........≈≈.≈≈≈≈≈.≈≈≈≈≈≈≈#..
.............Sr.........≈≈≈#..
............s.............').
.............##...........#†.
#.......#####........##..
##..##...######...#######
###..#####..∩# ##### #∩..##
##### #####


You could see a river rat, a ball python and 2 rats.

Vanquished Creatures
  Ijyb (D:2)
  Crazy Yiuf (D:2)
  Natasha (thrice) (D:2)
  4 adders
  3 river rats (Sewer)
  2 dart slugs (D:1)
  A ball python (Sewer)
  9 bats
  4 giant cockroaches
  4 goblins
  6 hobgoblins
  3 jackals (D:2)
  12 kobolds
  3 giant newts
  12 rats
68 creatures vanquished.

Notes
Turn   | Place    | Note
--------------------------------------------------------------
     0 | D:1      | Ordine the Octopode Transmuter began the quest for the Orb.
     0 | D:1      | Reached XP level 1. HP: 13/13 MP: 3/3
    57 | D:1      | Reached skill level 1 in Stealth
    66 | D:1      | Reached XP level 2. HP: 10/18 MP: 1/5
   578 | D:1      | Reached XP level 3. HP: 15/23 MP: 6/6
   589 | D:1      | Learned a level 3 spell: Spider Form
  1491 | D:2      | Found an iron altar of Okawaru.
  1500 | D:2      | Noticed Ijyb
  1513 | D:2      | Killed Ijyb
  1513 | D:2      | Reached XP level 4. HP: 17/28 MP: 4/7
  1555 | D:2      | Learned a level 4 spell: Ice Form
  1651 | D:2      | Noticed Natasha
  1661 | D:2      | Killed Natasha
  1703 | D:2      | Noticed Natasha
  1710 | D:2      | Killed Natasha
  1710 | D:2      | Reached skill level 1 in Ice Magic
  1710 | D:2      | Reached XP level 5. HP: 25/33 MP: 4/8
  1975 | D:2      | Noticed Natasha
  1984 | D:2      | Killed Natasha
  2070 | D:2      | Noticed Crazy Yiuf
  2078 | D:2      | Killed Crazy Yiuf
  2295 | D:3      | Found a glowing drain.
  2307 | Sewer    | Entered a sewer
  2332 | Sewer    | Reached XP level 6. HP: 26/38 MP: 5/9
  2625 | Sewer    | Slain by a river rat

Vault maps used:
D:1:      roderic_octagonal_star
D:2:      okawaru_gym_becter, serial_curves, eino_curves_03, eino_curves_03,
          eino_curves_04, eino_curves_03, uniq_natasha, uniq_iyjb,
          uniq_crazy_yiuf_cottage
D:3:      wad_lake_hut, portal_sewer_entry_d, trog_hazing_becter
Sewer:    sewer_minmay_treatment

Skill      XL: |  1  2  3  4  5  6 |
---------------+-------------------+-----
Stealth        | 1 3 4 |  4.0
Transmutations | 3 4 |  4.9
Ice Magic      | 1 2 |  2.0
Fighting       | |  1.0
Dodging        | |  2.0
Unarmed Combat | |  3.0
Spellcasting   | |  2.0

Action                   |  1- 3 |  4- 6 || total
-------------------------+-------+-------++-------
Melee: Unarmed           |    85 |    88 ||   173
       Constrict         |    20 |     5 ||    25
       Tentacles         |     8 |     2 ||    10
       Punch             |     2 |       ||     2
       Kick              |     1 |       ||     1
 Cast: Beastly Appendage |     1 |       ||     1
       Spider Form       |     3 |    11 ||    14
  Use: Scroll            |     4 |     1 ||     5
 Stab: Sleeping          |    11 |     5 ||    16
  Eat: Chunk             |     2 |     5 ||     7
Armor: Skin              |     7 |     4 ||    11
Dodge: Dodged            |    46 |    85 ||   131
